 Dungeon Crawl Stone Soup version 0.28.0-49-g6dfe1f597d (console) character file.

Game seed: 3163725926979846856

437 Faeu the Chopper (level 6, -3/84 HPs)
             Began as a Minotaur Berserker on May 14, 2022.
             Was a Priest of Trog.
             Succumbed to Dowan's poison
             ... on level 4 of the Dungeon.
             The game lasted 00:03:50 (3133 turns).

Faeu the Chopper (Minotaur Berserker)               Turns: 3133, Time: 00:03:51

Health: -3/84      AC: 14    Str: 23    XL:     6   Next: 69%
Magic:  5/5        EV:  9    Int:  4    God:    Trog [***...]
Gold:   100        SH:  0    Dex: 10    Spells: 5/5 levels left

rFire   . . .      SeeInvis +   a - +0 hand axe {axe}
rCold   . . .      Faith    .   (no shield)
rNeg    . . .      Spirit   .   k - +0 chain mail
rPois   .          Reflect  .   (helmet restricted)
rElec   .          Harm     .   (no cloak)
rCorr   .          Rampage  .   q - +0 pair of gloves
Will    .....                   l - +2 pair of boots {Fly}
Stlth   ..........              (no amulet)
HPRegen 0.24/turn               o - ring of see invisible
MPRegen 0.09/turn               (no ring)

@: berserking, lethally poisoned (-3 -> -35), flying, very quick
A: horns 2, retaliatory headbutt
a: Renounce Religion, Berserk, Trog's Hand


You were on level 4 of the Dungeon.
You worshipped Trog.
Trog was most pleased with you.
You visited 1 branch of the dungeon, and saw 4 of its levels.

You collected 100 gold pieces.


Innate Abilities, Weirdness & Mutations

You have a pair of horns on your head.
You reflexively headbutt those who attack you in melee.


   Skills:
 + Level 5.5 Fighting
 + Level 5.5 Axes
 + Level 4.8 Armour
 + Level 4.3 Dodging


You had 5 spell levels left.
You didn't know any spells.
Your spell library was empty.

Inventory:

Hand Weapons
 a - a +0 hand axe (weapon) {axe}
Armour
 b - a +0 animal skin
 k - a +0 chain mail (worn)
   (You found it on level 2 of the Dungeon)
 l - a +2 pair of boots of flying (worn)
   (You found it on level 2 of the Dungeon)
 q - a +0 pair of gloves (worn)
   (You found it on level 3 of the Dungeon)
Jewellery
 o - a ring of see invisible (left hand)
   (You found it on level 3 of the Dungeon)
Wands
 r - a wand of polymorph (12)
   (You found it on level 3 of the Dungeon)
Scrolls
 d - a scroll of blinking {unknown}
 e - a scroll of amnesia {unknown}
 f - 4 scrolls of enchant armour {unknown}
 h - a scroll of noise {unknown}
 m - a scroll of identify {unknown}
Potions
 c - a potion of curing {unknown}
 g - a potion of flight {unknown}
 i - 4 potions of brilliance {unknown}
 j - 3 potions of degeneration {unknown}
 n - a potion of attraction {unknown}
 p - a potion of heal wounds {unknown}

Dungeon Overview and Level Annotations

Branches:
Dungeon (4/15)
 Temple: D:4-7

Altars:
Nemelex Xobeh

....## .....##### ###
.....#..# ###..
....... ###..)< .....
##...... ...
###....... #.#
##>........ #.##
#.......... #.O##
#.[........
#.)@######..........
#.......###.........
#..#.................
#..#####............#
#..## ######.....###
#..# ###...# #.. #..#
..# #.# ..


You could see an ogre.


Message History

Your Dodging skill increases to level 4!
You have reached level 6! 😎 HP[+9] MP[+1]
You now have 56 max hp (+9).
Your mp is fully restored (5).
No target in view!
Dowan, Brother of Duvessa comes into view.
He is wielding a +2 dagger of venom.
Dowan shouts!
You hear a shout!
Duvessa, Sister of Dowan comes into view.
She is wielding a +7 short sword of venom.
Duvessa shouts!
A hound skeleton comes into view.
An ogre comes into view. It is wielding a +0 giant club.
Dowan casts a spell.
Dowan blinks!
You barely miss Duvessa.
Dowan casts a spell.
Dowan blinks!
Duvessa hits you but does no damage.
You are poisoned.
You feel sick.
Dowan hits you with a +2 dagger of venom.
You are more poisoned. 😕 HP[-4]
You take 4 damage, and now have 52/56 hp.
You feel very sick.
Dowan casts a spell at Duvessa.
Duvessa seems to speed up. 😕 HP[-4]
You take 4 damage, and now have 48/56 hp.
A red film seems to cover your vision as you go berserk!
You feel yourself moving faster!
You feel mighty!
You feel very sick. Duvessa hits you but does no damage.
You are more poisoned.
Dowan gestures at you while chanting. The puff of frost hits you.
Duvessa closely misses you. 😕 HP[+17]
You now have 84 max hp (+28).
You regained 17 hp, and now have 65/84 hp.
You closely miss Duvessa.
You feel very sick.
Duvessa hits you with a +7 short sword of venom!
You are more poisoned. 😮 HP[-18]
You take 18 damage, and now have 47/84 hp.
MASSIVE DAMAGE!! (PAUSE)
You hit Duvessa. You headbutt Duvessa! You hit Dowan.
You feel very sick.
Duvessa hits you with a +7 short sword of venom.
* * * LOW HITPOINT WARNING * * *
Dowan barely misses you. 😨 HP[-9]
You take 9 damage, and now have 38/84 hp.
You slash Duvessa! You closely miss Dowan.
You feel very sick. Duvessa closely misses you. 😨 HP[-5]
You take 5 damage, and now have 33/84 hp.
You slash Duvessa! You slash Dowan!
You feel very sick.
Dowan hits you with a +2 dagger of venom.
* * * LOW HITPOINT WARNING * * *
You are lethally poisoned!
Duvessa hits you with a +7 short sword of venom.
* * * LOW HITPOINT WARNING * * *
You are more poisoned. 😨 HP[-10]
You take 10 damage, and now have 23/84 hp.
You slash Duvessa!
You kill Duvessa!
Trog accepts your kill.
Dowan seems overcome with grief.
Dowan seems to find hidden reserves of power!
You barely miss Dowan. You hit the hound skeleton.
* * * LOW HITPOINT WARNING * * *
You feel very sick. Dowan hits you but does no damage.
You are more poisoned. 😱 HP[-6]
You take 6 damage, and now have 17/84 hp.
You slash Dowan! You headbutt Dowan.
You feel the power of Trog in you as your rage grows.
You kill Dowan!
Trog accepts your kill.
Trog appreciates your killing of a magic user.
You slash the ogre! You hit the hound skeleton.
* * * LOW HITPOINT WARNING * * *
You feel extremely sick. The hound skeleton misses you.
The ogre closely misses you. 😱 HP[-7]
You take 7 damage, and now have 10/84 hp.
You slash the ogre! You slash the hound skeleton!
* * * LOW HITPOINT WARNING * * *
You feel extremely sick. The hound skeleton bites you.
* * * LOW HITPOINT WARNING * * *
😱 HP[-9]
You take 9 damage, and now have 1/84 hp.
You hit the ogre. Your headbutt misses the ogre. You slash the hound skeleton!
You destroy the hound skeleton!
Trog accepts your kill.
You die...

Skill      XL: |  1  2  3  4  5 |
---------------+----------------+-----
Fighting       | 4 5 |  5.5
Axes           | 4 5 |  5.5
Armour         | 3 4 |  4.8
Dodging        | 3 4 |  4.3

Action                   |  1- 3 |  4- 6 || total
-------------------------+-------+-------++-------
Melee: Hand axe          |    86 |    85 ||   171
       Headbutt          |    18 |    14 ||    32
       Punch             |     1 |     1 ||     2
Invok: Berserk           |       |     1 ||     1
 Stab: Sleeping          |     1 |       ||     1
Armor: Animal skin       |     7 |       ||     7
       Chain mail        |    11 |    36 ||    47
Dodge: Dodged            |    79 |    26 ||   105

Levels and vault maps discovered:
D:1:      lightli_arrival_lavapool, layout_rooms,
          hellmonk_ecumenical_altar_crossroads,
          wander_ebering_terrifying_dragon_lair
D:2:      layout_basic, minmay_pentomino_r2
D:3:      layout_basic, nemelex_xobeh_ov_fountains_minmay
D:4:      layout_cave_pods, nicolae_overflow_crystal_walls, serial_shops,
          shop_statue, st_stairs_11, uniq_robin, uniq_blork_the_orc,
          uniq_duvessa, uniq_pikel, uniq_menkaure, uniq_grinder

Notes
Turn   | Place    | Note
-------+----------+-------------------------------------------
     0 | D:1      | Faeu the Minotaur Berserker began the quest for the Orb.
     0 | D:1      | Reached XP level 1. HP: 19/19 MP: 0/0
     0 | D:1      | magus.rc [v1.9.6]
   102 | D:1      | Reached XP level 2. HP: 19/27 MP: 1/1
   361 | D:1      | Reached skill level 4 in Fighting
   361 | D:1      | Reached skill level 4 in Axes
   458 | D:1      | Found a faded altar of an unknown god.
   705 | D:1      | Reached skill level 3 in Armour
   705 | D:1      | Reached XP level 3. HP: 32/33 MP: 2/2
  1040 | D:2      | Reached ** piety under Trog
  1424 | D:2      | Reached skill level 3 in Dodging
  1490 | D:2      | Reached XP level 4. HP: 33/40 MP: 3/3
  1994 | D:3      | Reached XP level 5. HP: 19/47 MP: 4/4
  2254 | D:3      | Found a sparkling altar of Nemelex Xobeh.
  2346 | D:3      | Reached *** piety under Trog
  2347 | D:3      | Reached skill level 4 in Armour
  3091 | D:4      | Noticed a necrophage
  3101 | D:4      | Killed a necrophage
  3102 | D:4      | Reached skill level 5 in Fighting
  3102 | D:4      | Reached skill level 5 in Axes
  3102 | D:4      | Reached skill level 4 in Dodging
  3102 | D:4      | Reached XP level 6. HP: 56/56 MP: 5/5
  3118 | D:4      | Noticed Dowan
  3119 | D:4      | Noticed Duvessa
  3130 | D:4      | Killed Duvessa
  3130 | D:4      | HP: 17/84 [poisoned by Duvessa]
  3131 | D:4      | Killed Dowan
  3132 | D:4      | HP: 3/84 [poisoned by Dowan]
  3132 | D:4      | HP: 1/84 [hound skeleton (2)]
  3133 | D:4      | Succumbed to Dowan's poison

Vanquished Creatures
  Duvessa (D:4)
  A necrophage (D:4)
  Dowan (D:4)
  2 orc priests (D:3)
  A hound skeleton (D:4)
  4 adders
  3 worms
  4 dart slugs
  3 orcs (D:3)
  9 ball pythons
  9 bats
  7 endoplasms
  2 giant cockroaches (D:2)
  8 goblins
  5 hobgoblins
  6 jackals (D:2)
  5 kobolds
  3 quokkas
  2 frilled lizards (D:1)
  9 rats
85 creatures vanquished.

Table legend:
 A = Non-vault XP
 B = Vault XP
 C = Vault XP percentage of total XP
 D = Non-vault monster count
 E = Vault monster count
 F = Vault count percentage of total count
                 A         B        C        D         E       F
            +---------+---------+-------+---------+---------+-------
      Total |     421 |     223 |  34.6 |      81 |       4 |   4.7
            +---------+---------+-------+---------+---------+-------
        D:1 |      44 |       1 |   2.2 |      26 |       1 |   3.7
        D:2 |      62 |       4 |   6.1 |      26 |       1 |   3.7
        D:3 |     175 |       0 |   0.0 |      26 |       0 |   0.0
        D:4 |     140 |     218 |  60.9 |       3 |       2 |  40.0
            +---------+---------+-------+---------+---------+-------

Illustrated notes

Table legend:
 A = Kills in this place as a percentage of kills in entire the game.
 B = Kills by you in this place as a percentage of kills by you in the entire game.
 C = Kills by friends in this place as a percentage of kills by friends in the entire game.
 D = Other kills in this place as a percentage of other kills in the entire game.
 E = Experience gained in this place as a percentage of experience gained in the entire game.
 F = Experience gained in this place divided by the number of levels of this place that you have seen.
                   A       B       C       D       E      F
               +-------+-------+-------+-------+-------+----------------------
         Total | 100.0 | 100.0 |   N/A |   N/A | 100.0 | 161.0
       Dungeon | 100.0 | 100.0 |   N/A |   N/A | 100.0 | 161.0
               +-------+-------+-------+-------+-------+----------------------

Table legend: (Time is in decaauts)
 A = Elapsed time spent in this place.
 B = Non-inter-level travel time spent in this place.
 C = Inter-level travel time spent in this place.
 D = Time resting spent in this place.
 E = Time spent auto-exploring this place.
 F = Levels seen in this place.
 G = Mean time per level.
                   A        B        C        D        E       F      G
               +--------+--------+--------+--------+--------+-----+--------+
         Total |   3144 |   3055 |     89 |      0 |   2602 |   4 |  786.0 |
       Dungeon |   3144 |   3055 |     89 |      0 |   2602 |   4 |  786.0 |
               +--------+--------+--------+--------+--------+-----+--------+

Top non-repeatable levels by time:
     D:3: 1261 daAuts
     D:2: 960 daAuts
     D:1: 881 daAuts
     D:4: 41 daAuts
